 Dungeon Crawl Stone Soup version 0.26-b1-32-g5d43845318 (webtiles) character file.

Game seed: 14087626233162160679

1668 Aviak the Spear-Bearer (level 9, -5/78 HPs)
             Began as a Tengu Abyssal Knight on Jan 12, 2021.
             Was an Elder of Lugonu.
             Slain by a gnoll sergeant
             ... wielding a +1 double sword of electrocution
              (12 damage)
             ... on level 7 of the Dungeon.
             The game lasted 00:08:27 (7104 turns).

Aviak the Spear-Bearer (Tengu Abyssal Knight)       Turns: 7104, Time: 00:08:28

Health: -5/78      AC: 24    Str: 12    XL:     9   Next: 1%
Magic:  23/23      EV:  2    Int: 21    God:    Lugonu [****..]
Gold:   346        SH:  0    Dex: 16    Spells: 8/8 levels left

rFire    . . .     SeeInvis .   x - +5 halberd "Cifittuth" {freeze, MP+9 Int+7}
rCold    . . .     Faith    +   (shield currently unavailable)
rNeg     + + +     Spirit   .   (armour currently unavailable)
rPois    +         Reflect  .   (helmet currently unavailable)
rElec    .         Harm     .   (cloak currently unavailable)
rCorr    .         Rampage  .   (gloves currently unavailable)
Will     +....     NoTele   +   (boots unavailable)
Stlth    +.........             k - amulet of faith {!P}
HPRegen  0.23/turn              d - ring of willpower
MPRegen  0.18/turn              P - ring of poison resistance

@: tree-form, very slightly contaminated
A: able to fly
a: Renounce Religion, Depart the Abyss, Bend Space, Banish, Corrupt


You were on level 7 of the Dungeon.
You worshipped Lugonu.
Lugonu was greatly pleased with you.
You were a tree.
You visited 1 branch of the dungeon, and saw 7 of its levels.
You visited the Abyss 1 time.

You collected 346 gold pieces.

Inventory:

Hand Weapons
 a - a +1 spear
 x - the +5 halberd "Cifittuth" (weapon) {freeze, MP+9 Int+7}
   (You found it on level 4 of the Dungeon)

   It has been specially enchanted to freeze those struck by it, causing extra
   injury to most foes and up to half again as much damage against particularly
   susceptible opponents.
   It can also slow down cold-blooded creatures.
   It affects your intelligence (+7).
   It affects your magic capacity (+9).
Armour
 b - a +0 leather armour
 e - a +0 ring mail (melded)
 n - a +0 cloak (melded)
 u - the +1 leather armour "Juutolug" {Int+2 Dex-4 Stlth+}
   (You found it on level 4 of the Dungeon)

   It affects your intelligence (+2).
   It affects your dexterity (-4).
   It makes you more stealthy.
Jewellery
 d - a ring of willpower (left branch)
 k - an amulet of faith (around neck) {!P}
 z - an uncursed amulet of reflection
 C - an uncursed ring of protection from cold
 F - an uncursed ring of protection from fire
 P - a ring of poison resistance (right branch)
Wands
 p - a wand of flame (10)
 q - a wand of paralysis (18)
Scrolls
 f - 5 scrolls of amnesia
 h - 3 scrolls of magic mapping {unknown}
 i - a scroll of identify
 j - a scroll of enchant armour
 l - 3 scrolls of teleportation {unknown}
 r - 5 scrolls of remove curse
 s - a scroll of random uselessness {unknown}
 A - a scroll of blinking {unknown}
Potions
 g - 3 potions of lignification {!q}
 m - a potion of brilliance
 o - a potion of invisibility {unknown}
 t - a potion of berserk rage {unknown}
 v - a potion of heal wounds {unknown}
 w - 2 potions of mutation {unknown}


   Skills:
 - Level 4.2 Fighting
 + Level 8.5 Polearms
 - Level 2.1 Armour
 - Level 3.4 Dodging
 + Level 6.4 Invocations


You had 8 spell levels left.
You didn't know any spells.
Your spell library contained the following spells:

 Spells                   Type           Power        Failure   Level
 Shock                    Conj/Air       0%           19%         1
 Swiftness                Air            0%           26%         2
 Static Discharge         Conj/Air       0%           47%         3
 Airstrike                Air            0%           87%         4
 Lightning Bolt           Conj/Air       0%           99%         5


Dungeon Overview and Level Annotations

Branches:
Dungeon (7/15)             Temple (0/1) D:4

Altars:
Elyvilon

Annotations:
D:7 1 transporter, Sekiam's ghost, novice TrFi


Innate Abilities, Weirdness & Mutations

((You have a beak for a mouth.))
((You have claws for feet.))
You can fly continuously.


Message History

The stone barely misses the gnoll shaman.
The stone barely misses Sekiam's ghost.
The gnoll sergeant blocks your attack.
You catch the helpless gnoll sergeant completely off-guard!
You hit the gnoll sergeant. You freeze the gnoll sergeant.
The gnoll sergeant is severely wounded.
You flicker back into view.
The gnoll sergeant hits you but does no damage.
You are electrocuted!
* * * LOW HITPOINT WARNING * * *
Unknown command.
Unknown command.
You feel better.
The gnoll sergeant hits you but does no damage.
You are electrocuted!
* * * LOW HITPOINT WARNING * * *
The gnoll sergeant hits you with a +1 double sword of electrocution!
* * * LOW HITPOINT WARNING * * *
You are electrocuted!
You die...

#g.g#.###.©.###.#...#≈≈
#g.g# #.#####.###... ≈
### ..g.......### .8#
####)###'##.# .##.#gg
#8..#...#.##.≈ .#ggg.
#⌠©.....'..#.≈ .##g#
#8..#.(g#.##. .8#.#
##'###g##.# ###..
.......Wg♣.# #...
©#####.###...# #... #
#.©.###.#...# #####
...?.....#####≈ ≈≈≈≈≈
≈≈≈≈≈≈≈≈≈≈≈ ≈≈. ≈≈≈≈≈
≈≈≈≈≈≈≈ ≈. .....
......... . .##[##
.######## .# ..


You could see a gnoll sergeant (fast), a gnoll shaman, Sekiam's ghost and a
gnoll.

Vanquished Creatures
  Pikel (D:5)
  5 ogres
  A lemure (D:6)
  A gnoll sergeant (D:7)
  2 bullfrogs
  3 wights (D:7)
  2 bullfrog zombies
  Crazy Yiuf (D:2)
  An orc priest (D:3)
  2 worker ants (D:6)
  A worker ant zombie (D:5)
  5 gnolls (D:7)
  7 adders
  A shadow imp (D:6)
  A white imp (D:5)
  3 ufetubi (D:6)
  10 worms
  7 leopard geckos
  7 orcs
  5 giant cockroaches
  3 goblins
  3 hobgoblins
  9 jackals
  10 kobolds
  3 quokkas
  10 bats
  4 frilled lizards
  9 rats
117 creatures vanquished.

Vanquished Creatures (others)
  6 plants (D:7)
6 creatures vanquished.

Grand Total: 123 creatures vanquished

Notes
Turn   | Place    | Note
-------+----------+-------------------------------------------
     0 | Abyss:1  | Aviak the Tengu Abyssal Knight began the quest for the Orb.
     0 | Abyss:1  | Reached XP level 1. HP: 14/14 MP: 3/3
    64 | Abyss:1  | Noticed a crimson imp
    66 | D:1      | Escaped the Abyss
   114 | D:1      | Reached * piety under Lugonu
   184 | D:1      | Reached XP level 2. HP: 18/19 MP: 4/4
   727 | D:1      | Reached XP level 3. HP: 22/23 MP: 5/5
  1314 | D:2      | Reached skill level 3 in Polearms
  1485 | D:2      | You fall into a shaft and drop 2 floors!
  1493 | D:4      | Noticed an ogre
  1536 | D:4      | Found a staircase to the Ecumenical Temple.
  1704 | D:3      | Reached XP level 4. HP: 7/29 MP: 6/6
  2012 | D:3      | Reached ** piety under Lugonu
  2441 | D:2      | Gained mutation: You can fly continuously. [Tengu growth]
  2441 | D:2      | Reached XP level 5. HP: 26/33 MP: 7/7
  2519 | D:2      | Found a runed translucent door.
  2520 | D:2      | Noticed Crazy Yiuf
  2526 | D:2      | Killed Crazy Yiuf
  3682 | D:3      | Reached *** piety under Lugonu
  3688 | D:3      | Reached skill level 4 in Polearms
  4106 | D:4      | Got a heavily runed leather armour
  4117 | D:4      | Identified the cursed +1 leather armour "Juutolug" {Int+2
                  | Dex-4 Stlth+} (You found it on level 4 of the Dungeon)
  4299 | D:4      | Killed an ogre
  4300 | D:4      | Reached XP level 6. HP: 16/38 MP: 8/8
  4598 | D:4      | Got a steaming halberd
  4621 | D:4      | Reached skill level 5 in Polearms
  4621 | D:4      | Identified the +5 halberd "Cifittuth" {freeze, MP+9 Int+7}
                  | (You found it on level 4 of the Dungeon)
  4879 | D:5      | Entered Level 5 of the Dungeon
  4946 | D:5      | Found a white marble altar of Elyvilon.
  4972 | D:5      | Reached XP level 7. HP: 43/43 MP: 10/10
  6005 | D:6      | Reached skill level 6 in Polearms
  6076 | D:6      | Noticed Pikel
  6118 | D:5      | Killed Pikel
  6119 | D:5      | Reached skill level 7 in Polearms
  6119 | D:5      | Reached skill level 5 in Invocations
  6119 | D:5      | Reached XP level 8. HP: 41/48 MP: 13/13
  6748 | D:7      | Reached skill level 8 in Polearms
  6768 | D:7      | Reached **** piety under Lugonu
  6991 | D:7      | Identified the ring "Ome Niyx" {rN++ Dex+7 Slay-2 Stlth-}
  6991 | D:7      | Noticed Sekiam's ghost (novice TrFi)
  7056 | D:7      | Found a transporter.
  7067 | D:7      | Identified the +5 spear "Igrikhus" {pain, rF++ Stlth+}
  7067 | D:7      | Identified the +3 scale mail "Mugesive" {Int+3}
  7069 | D:7      | Paralysed by a gnoll for 4 turns
  7081 | D:7      | Found a transporter.
  7100 | D:7      | Reached XP level 9. HP: 43/52 MP: 14/14
  7104 | D:7      | Slain by a gnoll sergeant

Illustrated notes

Levels and vault maps discovered:
D:1:      sevenhm_arrival_forest_fort_small_3, layout_loops_corners
D:2:      layout_basic, minmay_split_cup_small, uniq_crazy_yiuf_cottage
D:3:      layout_rooms
D:4:      layout_loops_ring, minmay_temple_entry_statues_pillars,
          corexii_leaking_fountain
D:5:      layout_basic, elyvilon_altar_1, serial_corexii_hall,
          chequers_hall_statues_corner_a, chequers_hall_statues_wall_a,
          corexii_hall_statues_x, minmay_stone_trees_small
D:6:      layout_cave_pools, uniq_pikel
D:7:      layout_loops_ring, gammafunk_ghost_gnarly_gnolls, uniq_duvessa

Skill      XL: |  1  2  3  4  5  6  7  8 |
---------------+-------------------------+-----
Dodging        | 2 3 |  3.4
Polearms       | 3 4 5 7 8 |  8.5
Fighting       | 4 |  4.2
Invocations    | 2 3 5 6 |  6.4
Armour         | |  2.1

Action                   |  1- 3 |  4- 6 |  7- 9 || total
-------------------------+-------+-------+-------++-------
Melee: Spear             |    90 |   184 |       ||   274
       Kick              |    13 |    34 |    15 ||    62
       Peck              |     8 |    23 |    13 ||    44
       Halberd           |       |     4 |   118 ||   122
Invok: Depart the Abyss  |     1 |       |       ||     1
       Banish            |       |       |     1 ||     1
 Abil: Fly               |       |     1 |       ||     1
Evoke: Wand              |       |     6 |       ||     6
  Use: Potion            |     2 |       |     2 ||     4
       Scroll            |       |     3 |     5 ||     8
 Stab: Sleeping          |     2 |       |       ||     2
       Paralysed         |       |    15 |       ||    15
       Invisible         |       |       |     3 ||     3
Armor: Leather armour    |    20 |     5 |       ||    25
       Ring mail         |       |    22 |    18 ||    40
       Skin              |       |       |     9 ||     9
Dodge: Dodged            |    38 |    75 |    47 ||   160
